 Dungeon Crawl Stone Soup version 0.30-a0-840-ga523dec638 (webtiles) character file.

Game seed: 16954899857487603794

1215 cforsyth the Covert (level 8, -3/51 HPs)
             Began as a Kobold Brigand on Mar 2, 2023.
             Slain by a sky beast (6 damage)
             ... on level 7 of the Dungeon.
             The game lasted 00:07:26 (4781 turns).

cforsyth the Covert (Kobold Brigand)                Turns: 4781, Time: 00:07:27

Health: -3/51      AC:  4    Str: 15    XL:     8   Next: 75%
Magic:  8/8        EV: 18    Int: 12    God:
Gold:   388        SH:  0    Dex: 18    Spells: 7/7 levels left

rFire   . . .      SeeInvis .    j - +4 dagger
rCold   . . .      Faith    .    (no shield)
rNeg    . . .      Spirit   .    b - +0 robe
rPois   .          Reflect  .    (no helmet)
rElec   .          Harm     .    c - +0 cloak
rCorr   .          Rampage  +    (no gloves)
Will    .....                    v - +0 pair of boots {rampage}
Stlth   +++++                    (no amulet)
HPRegen 0.28/turn                C - +6 ring of strength
MPRegen 0.11/turn                (no ring)

@: no status effects
A: small, no large weapons, nightstalker 3
a: no special abilities


You were on level 7 of the Dungeon.
You visited 2 branches of the dungeon, and saw 8 of its levels.

You collected 388 gold pieces.

Inventory:

Hand Weapons
 a - a +2 dagger
 j - a +4 dagger (weapon)
Missiles
 d - 9 poisoned darts (quivered)
 e - 3 curare-tipped darts
Armour
 b - a +0 robe (worn)
 c - a +0 cloak (worn)
 f - a +1 pair of boots
 v - a +0 pair of boots of rampaging (worn)
Jewellery
 C - a +6 ring of strength (left hand)
 D - a ring of protection from cold
Wands
 r - a wand of flame (19)
 t - a wand of paralysis (11)
Scrolls
 g - 3 scrolls of teleportation
 l - a scroll of noise {unknown}
 m - 3 scrolls of fog {unknown}
 p - a scroll of silence {unknown}
 q - a scroll of blinking {unknown}
 w - a scroll of fear
 y - a scroll of butterflies
Potions
 h - a potion of brilliance
 i - 5 potions of attraction
 n - a potion of mutation
 s - a potion of flight
 u - 2 potions of curing
 z - a potion of might
 A - a potion of lignification


   Skills:
 + Level 5.7 Fighting
 + Level 6.9 Short Blades
 - Level 2.1 Throwing
 + Level 5.9 Dodging
 + Level 8.9 Stealth


You had 7 spell levels left.
You didn't know any spells.
Your spell library contained the following spells:

 Spells                   Type           Power      Damage    Failure   Level
 Apportation              Tloc           0%         N/A       32%         1
 Necrotise                Necr           0%         1d4       32%         1
 Summon Small Mammal      Summ           0%         N/A       32%         1
 Cigotuvi's Dreadful Rot  Necr/Pois/Air  0%         N/A       45%         2
 Poisonous Vapours        Pois/Air       0%         N/A       45%         2
 Call Canine Familiar     Summ           0%         N/A       69%         3
 Mephitic Cloud           Conj/Pois/Air  0%         N/A       69%         3
 Portal Projectile        Hex/Tloc       0%         N/A       69%         3
 Leda's Liquefaction      Hex/Erth       0%         N/A       97%         4


Dungeon Overview and Level Annotations

Branches:
Dungeon (7/15)             Temple (1/1) D:6

Altars:
Ashenzari
Cheibriados
Elyvilon
Kikubaaqudgha
Makhleb
Nemelex Xobeh
Okawaru
Ru
Sif Muna
Uskayaw
Vehumet
Wu Jian
Xom
Yredelemnul
Zin
The Shining One

Annotations:
D:7 2 transporters, Prince Ribbit; demibob's ghost, novice DsVM


Innate Abilities, Weirdness & Mutations

You are small and have problems with some larger weapons.
You are completely attuned to the shadows.


Message History

You hit the sky beast.
The sky beast is moderately wounded.
You hit the sky beast.
The sky beast is moderately wounded.
The sky beast flickers out of sight!
Deactivating autopickup; reactivate with Ctrl-A.
Something hits you. Something shocks you.
* * * LOW HITPOINT WARNING * * *
You closely miss something. Something misses you.
You hit something but do no damage.
You hear the faint creaking of a portcullis nearby.
You hit something but do no damage. Something hits you but does no damage.
A bullfrog comes into view.
You hit something. Something barely misses you.
You feel much better. Something hits you. Something shocks you.
The sky beast hits you. The sky beast shocks you.
You barely miss something. You miss something. Something hits you.
Something shocks you. The sky beast hits you.
* * * LOW HITPOINT WARNING * * *
The sky beast shocks you.
* * * LOW HITPOINT WARNING * * *
You hit something.
The sentinel's mark upon you fades away.
A gnoll comes into view. It is wielding a +0 spear.
The sky beast misses you. Something hits you but does no damage.
You hit something but do no damage. You hit something but do no damage.
The sky beast hits you but does no damage.
Something hits you but does no damage.
You hit something. Something hits you.
* * * LOW HITPOINT WARNING * * *
Something shocks you.
* * * LOW HITPOINT WARNING * * *
The sky beast misses you.
Unknown command.
Something hits you.
* * * LOW HITPOINT WARNING * * *
Something shocks you.
You die...

*,,,,,,,,,,,* *,,,,*******
******,,,,,,,,,,,*****,,,,+,,,,,,
,,,,,,,,,,,,,,,,,**,,,,,,,*******
******,,,,,,,,,,,*,,,,,,,,*
*,,,,,,,....#,*,,,,,,*
*,,,,,,,,...+,*,,,,,,*
*,,,,,,,,,..#**,,,****
***<*,**#+#.# *,,,* ***,###FY@#
*,,,* *,....{##**,,,*******###
*>....))..Y,,,,,,,,,,...
**###.g.###***********#.
****###.#* #. *,,,,,,..*** #o
****,,,,,,,,,,***********#.
*,,,,,,,,,,,,,,,,,,,,,,,,#.
**,,,,,,,~~~~~~~~~~~~~~~,,#.


You could see a sky beast, a bullfrog and a gnoll.

Vanquished Creatures
  A wyvern (D:7)
  A water moccasin (D:6)
  A black bear (D:5)
  An ice beast (D:5)
  An ogre (D:5)
  A necrophage (D:6)
  3 scorpions
  2 hounds
  A jelly (D:5)
  2 orc priests (D:3)
  Ijyb (D:3)
  An iguana (D:5)
  An orc wizard (D:4)
  5 adders
  5 gnolls
  A white imp (D:5)
  An ufetubus (D:5)
  A worm (D:2)
  2 dart slugs (D:4)
  5 orcs
  10 ball pythons
  10 endoplasms
  8 giant cockroaches
  10 goblins
  9 hobgoblins
  8 jackals
  11 kobolds
  4 quokkas
  2 bats
  6 frilled lizards
  8 rats
123 creatures vanquished.

Notes
Turn   | Place    | Note
-------+----------+-------------------------------------------
     0 | D:1      | cforsyth the Kobold Brigand began the quest for the Orb.
     0 | D:1      | Reached XP level 1. HP: 12/12 MP: 1/1
   108 | D:1      | Reached XP level 2. HP: 18/18 MP: 2/2
   478 | D:1      | Reached XP level 3. HP: 22/22 MP: 3/3
  1150 | D:2      | Found a glowing silver altar of Zin.
  1297 | D:2      | Reached XP level 4. HP: 27/27 MP: 4/4
  1311 | D:2      | Reached skill level 6 in Stealth
  1770 | D:2      | Found a faded altar of an unknown god.
  2031 | D:3      | Noticed Ijyb
  2038 | D:3      | Killed Ijyb
  2039 | D:3      | Reached XP level 5. HP: 32/32 MP: 5/5
  2794 | D:4      | Found a basalt altar of Yredelemnul.
  2827 | D:4      | Reached XP level 6. HP: 33/37 MP: 6/6
  3148 | D:4      | Reached skill level 7 in Stealth
  3494 | D:5      | Entered Level 5 of the Dungeon
  3551 | D:5      | Reached skill level 5 in Short Blades
  3566 | D:5      | Reached XP level 7. HP: 43/43 MP: 7/7
  3582 | D:5      | Found a snail-covered altar of Cheibriados.
  3583 | D:5      | Found a hide-covered altar of Uskayaw.
  3583 | D:5      | Found an iron altar of Okawaru.
  3688 | D:5      | Found a glowing silver altar of Zin.
  3688 | D:5      | Found a glowing golden altar of the Shining One.
  3691 | D:5      | Found a white marble altar of Elyvilon.
  3712 | D:5      | Identified the +9 quarterstaff of Summer {heavy, Drain
                  | rElec MP+9 Int-2}
  3720 | D:5      | Found a radiant altar of Vehumet.
  3723 | D:5      | Found an ancient bone altar of Kikubaaqudgha.
  3727 | D:5      | Got Kikubaaqudgha's Quarto of Rot
  3948 | D:5      | Reached skill level 8 in Stealth
  3948 | D:5      | Reached XP level 8. HP: 48/48 MP: 8/8
  3971 | D:5      | Found a shimmering blue altar of Sif Muna.
  4019 | D:5      | Reached skill level 5 in Fighting
  4019 | D:5      | Reached skill level 5 in Dodging
  4222 | D:6      | Found a staircase to the Ecumenical Temple.
  4236 | Temple   | Entered the Ecumenical Temple
  4716 | D:7      | Noticed a wyvern
  4718 | D:7      | Killed a wyvern
  4732 | D:7      | Found a transporter.
  4732 | D:7      | Noticed a two-headed ogre
  4733 | D:7      | Noticed a boulder beetle
  4736 | D:7      | Noticed demibob's ghost (novice DsVM)
  4739 | D:7      | Found a transporter.
  4750 | D:7      | Noticed Prince Ribbit
  4781 | D:7      | Slain by a sky beast

Illustrated notes

Levels and vault maps discovered:
D:1:      onia_arrival_pyramid, layout_loops_corners
D:2:      layout_loops_ring, basic_altar,
          hellmonk_ecumenical_altar_inner_sanctum, serial_bayou_pond_c
D:3:      layout_loops_cross, uniq_ijyb
D:4:      layout_gridville, mainiacjoe_overflow_chevrons, corexii_checkpoint_a,
          minmay_misc_feat_plants
D:5:      layout_cave_pools, dreamdust_divine_triumvirate,
          grunt_temple_overflow_magic_moments,
          chequers_temple_overflow_statue_of_worship, nicolae_figureground_pulse
D:6:      layout_gridville, nicolae_overflow_quartered_altars,
          minmay_temple_entry_mist
D:7:      layout_basic, tgw_fedhas, lightli_bailey_entry_fortress,
          gammafunk_ghost_arena, uniq_prince_ribbit1, uniq_menkaure
Temple:   nicolae_temple_superstar

Skill      XL: |  1  2  3  4  5  6  7  8 |
---------------+-------------------------+-----
Short Blades   | 3 4 5 6 |  6.9
Dodging        | 2 3 4 5 |  5.9
Stealth        | 6 7 8 |  8.9
Fighting       | 3 4 5 |  5.7
Throwing       | |  2.1

Action                     |  1- 3 |  4- 6 |  7- 9 || total
---------------------------+-------+-------+-------++-------
  Melee: Dagger            |   101 |   130 |    93 ||   324
         Punch             |       |     2 |       ||     2
    Use: Scroll            |       |    11 |     4 ||    15
         Potion            |       |       |     3 ||     3
   Stab: Sleeping          |    19 |    28 |     9 ||    56
         Distracted        |       |     1 |       ||     1
 Armour: Robe              |    17 |    16 |    12 ||    45
  Dodge: Dodged            |    53 |    53 |    81 ||   187

Table legend: (Time is in decaauts)
 A = Elapsed time spent in this place.
 B = Non-inter-level travel time spent in this place.
 C = Inter-level travel time spent in this place.
 D = Time resting spent in this place.
 E = Time spent auto-exploring this place.
 F = Levels seen in this place.
 G = Mean time per level.
                   A        B        C        D        E       F      G
               +--------+--------+--------+--------+--------+-----+--------+
         Total |   4714 |   4527 |    187 |      0 |   3700 |   8 |  589.2 |
       Dungeon |   4541 |   4366 |    175 |      0 |   3550 |   7 |  648.7 |
        Temple |    172 |    161 |     11 |      0 |    150 |   1 |  172.0 |
               +--------+--------+--------+--------+--------+-----+--------+

Top non-repeatable levels by time:
     D:1: 1038 daAuts
     D:2: 837 daAuts
     D:4: 805 daAuts
     D:3: 804 daAuts
     D:5: 575 daAuts
     D:6: 424 daAuts
  Temple: 172 daAuts
     D:7: 56 daAuts
